AoeStats
← TAKEOVER

MegaRandom

506594069Analyzed
1v1 RM · 18d ago on Sep 14, 2026· 47m 29s· 2 players
Game mode
Random Map
Map size
Tiny (2 player)
Population
200
Speed
Normal
Resources
Standard
Victory
Conquest
Starting age
Dark Age
Ending age
Imperial Age
RankedLock teamsTeams togetherTeam positionsShared explorationLock speedFull tech treeHidden civsTurbo modeCheats
Victory
Defeat
🇫🇷 Burgundians · France
862
+16
🇨🇦 Spanish · Canada
860
-43
TAKEOVER
0:26 Loom
12:29 Feudal Age
14:08 Wheelbarrow
13:25 Horse Collar
13:58 Double-Bit Axe
14:37 Town Watch
24:37 Castle Age
22:26 Man-at-Arms
23:55 Gold Mining
23:58 Stone Mining
24:32 Scale Mail Armor
25:05 Long Swordsman
26:46 Chain Mail Armor
27:42 Pikeman
28:43 Forging
32:23 Padded Archer Armor
33:36 Leather Archer Armor
34:14 Fletching
37:43 Bloodlines
44:00 Hand Cart
49:07 Imperial Age
Gjoerok
8:04 Loom
10:59 Feudal Age
9:41 Double-Bit Axe
9:40 Horse Collar
17:48 Castle Age
17:10 Stone Mining
18:47 Stone Shaft Mining
22:47 Fletching
23:21 Bow Saw
25:11 Wheelbarrow
25:48 Bodkin Arrow
27:00 Cavalier
29:59 Ballistics
29:35 Murder Holes
35:16 Gold Mining
35:36 Scale Barding Armor
35:41 Forging
36:35 Hand Cart
36:07 Town Watch
36:57 Chain Barding Armor
39:56 Imperial Age
38:40 Iron Casting
41:43 Conscription
41:07 Paladin
41:51 Husbandry
42:31 Plate Barding Armor
41:58 Bracer
44:39 Chemistry
Connection lost

Rejoining the realm…

Still unreachable

The connection could not be restored.

Session expired

The server has moved on; the page needs a fresh start.